AoeStats
← Derribando Burocracias

Arena

510835107Analyzed
4v4 RM · 5h ago on Oct 2, 2026· 35m 32s· 8 players
Game mode
Random Map
Map size
Large (8 player)
Population
200
Speed
Normal
Resources
Standard
Victory
Conquest
Starting age
Dark Age
Ending age
Imperial Age
RankedLock teamsTeams togetherTeam positionsShared explorationLock speedFull tech treeHidden civsTurbo modeCheats
Victory
Defeat
🇺🇸 Vikings · United States
756
+10
🇮🇳 Ethiopians · India
705
+12
🇳🇴 Franks · Norway
388
+24
🇩🇪 Huns · Germany
353
+26
🇵🇱 Persians · Poland
640
-20
🇫🇷 Khmer · France
614
-19
🇮🇳 Persians · India
578
-17
555
-16
Derribando Burocracias
10:34 Feudal Age
11:49 Double-Bit Axe
14:37 Wheelbarrow
19:37 Castle Age
17:57 Gold Mining
17:57 Stone Mining
19:14 Fletching
21:40 Hand Cart
21:49 Bow Saw
MagŻydomancji
*****_predator
11:41 Feudal Age
12:17 Double-Bit Axe
12:16 Horse Collar
12:29 Gold Mining
12:31 Stone Mining
13:47 Town Watch
14:05 Man-at-Arms
18:02 Wheelbarrow
21:31 Castle Age
22:20 Long Swordsman
24:41 Pikeman
25:36 Bow Saw
25:29 Heavy Plow
26:53 Gold Shaft Mining
26:54 Stone Shaft Mining
27:48 Town Patrol
House of Huns
0:33 Loom
11:51 Feudal Age
11thDAY
12:13 Feudal Age
10:30 Loom
16:42 Castle Age
15:22 Double-Bit Axe
16:47 Man-at-Arms
17:58 Gold Mining
17:59 Long Swordsman
22:27 Scale Mail Armor
26:01 Chain Mail Armor
27:35 Squires
Varg_1960
3:30 Loom
11:20 Feudal Age
12:02 Double-Bit Axe
20:05 Castle Age
18:29 Man-at-Arms
20:22 Gold Mining
20:47 Long Swordsman
22:30 Gold Shaft Mining
25:58 Crossbowman
neville_longbottom
12:38 Feudal Age
12:45 Man-at-Arms
23:22 Castle Age
27:44 Double-Bit Axe
28:06 Crossbowman
28:52 Thumb Ring
28:50 Horse Collar
38:07 Imperial Age
KINGTOM
3:14 Loom
12:59 Feudal Age
13:28 Double-Bit Axe
13:45 Horse Collar
14:34 Stone Mining
Connection lost

Rejoining the realm…

Still unreachable

The connection could not be restored.

Session expired

The server has moved on; the page needs a fresh start.